 Dungeon Crawl Stone Soup version 0.22.1-1-ga44c0e56f4 (webtiles) character file.

57230 Galdon the Fencer (level 14, -4/116 HPs)
             Began as a Barachi Abyssal Knight on Nov 3, 2018.
             Was the Champion of Lugonu.
             Killed by divine providence
             ... invoked by Saint Roka
              (9 damage)
             ... on level 2 of the Orcish Mines on Nov 11, 2018.
             The game lasted 04:56:34 (21534 turns).

Galdon the Fencer (Barachi Abyssal Knight)         Turns: 21534, Time: 04:56:35

Health: -4/116     AC: 17    Str: 15    XL:     14   Next: 85%
Magic:  22/23      EV:  9    Int: 13    God:    Lugonu [******]
Gold:   1300       SH:  5    Dex: 15    Spells: 12/13 levels left

rFire    . . .     SeeInvis +   a - +6 double sword of Causality {slice, rC++ Stlth+}
rCold    + + .     Gourm    .   K - +0 buckler
rNeg     . . .     Faith    .   h - +2 chain mail {rPois}
rPois    +         Spirit   .   (helmet restricted)
rElec    .         Reflect  .   m - scarf {cloud immunity}
rCorr    .         Harm     .   (no gloves)
MR       ++...                  O - +2 pair of boots
Stlth    +.........             k - amulet of rage
HPRegen  0.29/turn              T - ring of see invisible
MPRegen  0.18/turn              R - ring of protection from magic

@: slow
A: +LOS, swims, horns 1, high mp 1, slowness 1, strong legs 2
a: Hop, Depart the Abyss, Bend Space, Banish, Corrupt, Enter the Abyss, Brand
Weapon With Distortion, Renounce Religion, Evoke Berserk Rage


You were on level 2 of the Orcish Mines.
You worshipped Lugonu.
Lugonu was exalted by your worship.
You were not hungry.

You visited 4 branches of the dungeon, and saw 19 of its levels.
You visited the Abyss 1 time.

You collected 1618 gold pieces.
You spent 318 gold pieces at shops.

Inventory:

Hand Weapons
 a - the +6 double sword of Causality (weapon) {slice, rC++ Stlth+}
   (You found it on level 6 of the Lair of Beasts)

   It inflicts extra damage upon your enemies.
   It greatly protects you from cold.
   It makes you more stealthy.
 b - a +0 blowgun
 f - a +2 long sword of draining
 q - a +1 great sword of holy wrath
 s - a +1 scimitar
Missiles
 e - 4 exploding tomahawks
 l - 346 stones (quivered)
 n - 5 needles of confusion
 t - 45 poisoned needles
 u - 8 silver javelins
 A - 17 javelins
 D - 6 needles of sleeping
 E - 8 curare-tipped needles
 W - 30 tomahawks
Armour
 h - a +2 chain mail of poison resistance (worn)
 m - a scarf of cloud immunity (worn)
 y - a +0 cloak of poison resistance
 J - the +0 helmet "Vazied" {rCorr Int+2}
   (You found it on level 4 of the Dungeon)

   It affects your intelligence (+2).
   It provides partial protection from all sources of acid and corrosion.
 K - a +0 buckler (worn)
 N - the +5 scale mail "Ulucett" {*Slow rElec rC+ Str+2}
   (You bought it in a shop on level 2 of the Orcish Mines)

   It affects your strength (+2).
   It protects you from cold.
   It insulates you from electricity.
   It may slow you when you take damage.
 O - a +2 pair of boots (worn)
Jewellery
 d - a +5 ring of intelligence
 k - an amulet of rage (around neck)
 z - a +2 ring of evasion
 C - an uncursed ring of flight
 H - an uncursed ring of positive energy
 R - a ring of protection from magic (right hand)
 T - a ring of see invisible (left hand)
Wands
 w - a wand of flame (28)
 x - a wand of polymorph (27)
 F - a wand of digging (10)
 Q - a wand of scattershot (3)
 S - a wand of disintegration (8)
 V - a wand of clouds (4)
Scrolls
 p - a scroll of identify
 r - a scroll of remove curse
 v - 4 scrolls of fear
 B - 4 scrolls of magic mapping
 Y - 3 scrolls of fog
Potions
 j - 4 potions of curing
 G - a potion of invisibility
 I - 2 potions of berserk rage
 P - 4 potions of brilliance
 X - 2 potions of agility
 Z - 4 potions of flight
Comestibles
 c - 19 rations
 U - 10 chunks of flesh


   Skills:
 + Level 12.9 Fighting
 * Level 15.5 Long Blades
 + Level 8.9 Throwing
 + Level 10.8 Armour
 + Level 5.2 Dodging
 + Level 4.1 Stealth
 + Level 3.8 Shields
 * Level 9.8 Invocations
 + Level 3.6 Evocations


You had 12 spell levels left.
You knew the following spells:

 Your Spells              Type           Power        Failure   Level  Hunger
a - Infusion              Chrm           #...         98%         1    ##.....

Your spell library contained the following spells:

 Spells                   Type           Power        Failure   Level  Hunger
 Magic Dart               Conj           #...         98%         1    ##.....
 Blink                    Tloc           N/A          99%         2    ###....
 Call Imp                 Summ           #.......     99%         2    ###....
 Shroud of Golubria       Chrm/Tloc      #.........   99%         2    ###....
 Slow                     Hex            #.......     99%         2    ###....
 Song of Slaying          Chrm           #.......     99%         2    ###....
 Conjure Flame            Conj/Fire      #.......     100%        3    ####...
 Mephitic Cloud           Conj/Pois/Air  #.......     100%        3    ####...
 Regeneration             Chrm/Necr      #.........   100%        3    ####...
 Spectral Weapon          Hex/Chrm       #.......     100%        3    ####...


Dungeon Overview and Level Annotations

Branches:
Dungeon (10/15)            Temple (1/1) D:5            Lair (6/6) D:10
 Shoals (0/4) Lair:2        Snake (0/4) Lair:3        Slime (0/5) Lair:6
    Orc (2/2) D:10            Elf (0/3) Orc:2

Altars:
Ashenzari
Cheibriados
Dithmenos
Elyvilon
Fedhas
Gozag
Hepliaklqana
Kikubaaqudgha
Makhleb
Nemelex Xobeh
Okawaru
Qazlal
Ru
Sif Muna
Trog
Uskayaw
Vehumet
Wu Jian
Xom
Yredelemnul
Zin
The Shining One
Beogh

Shops:
D:4 :   D:7 ?   Orc:2 [

Annotations:
D:3 3 runed doors, topfpfpflanze's ghost, amateur DEFE
D:4 Duvessa
Lair:1 exclusion: oklob plant
Lair:2 1 runed door, D1HalberdGnoll's ghost, journeyman OgNe
Orc:2 Saint Roka


Innate Abilities, Weirdness & Mutations

Shadows flee at your approach. (+LOS)
You can swim through water.
You cover ground slowly.
You can hop long distances.
You have a pair of small horns on your head.
You have an increased reservoir of magic. (+10% MP)


Message History

You hit Saint Roka but do no damage.
You headbutt Saint Roka, but do no damage.
Saint Roka is severely wounded.
Saint Roka hits you with a great mace of holy wrath!!
* * * LOW HITPOINT WARNING * * *
You feel better.
The orc no longer looks unusually strong.
Saint Roka roars a battlecry!
The orc goes into a battle-frenzy!
Space bends around you!
You blink.
The orc priest shouts!
Saint Roka invokes the aid of Beogh against you.
Beogh smites you!
* * * LOW HITPOINT WARNING * * *
There is a stone staircase leading up here.
The orc wizard gestures at you while chanting.
The puff of flame misses you.
Saint Roka calls down the wrath of Beogh upon you.
Beogh smites you!
You die...

#....(##..# #..ho....#
#....#oo.# ##.####h### #
#.)..## ##.oT.## .#
##..o..## ###..#
##.......# ##.##..#.
#....@..#####.......##
#.........##..........
####.........#.....#....
#.....##...........#....
###......##..∩.......# #..
#.....######.))...#######.
##.....## ##..)....####...
##.....###....##.........
#......#.....##.........


You could see Saint Roka, a troll, a warg, an orc priest, an orc wizard and an
orc.

Vanquished Creatures
  2 hydras (Lair:5)
  4 catoblepae (Lair:6)
  2 two-headed ogres (D:9)
  7 death yaks
  An orc knight (Orc:1)
  An orc sorcerer (Orc:1)
  2 manticores (Lair:6)
  5 elephants
  2 black mambas
  5 spiny frogs
  2 rime drakes
  4 komodo dragons
  A troll (Orc:1)
  A polar bear (Lair:3)
  3 blink frogs (Lair:1)
  5 hippogriffs
  A wraith (D:10)
  3 wyverns
  38 yaks
  Grum (D:10)
  2 wargs (Orc:2)
  3 nagas (Lair:3)
  6 water moccasins
  10 porcupines
  4 ice beasts
  A sky beast (D:8)
  14 orc warriors
  A black bear (D:9)
  2 necrophages
  5 ogres
  10 wolves
  5 centaurs (D:10)
  15 crocodiles
  3 big kobolds
  9 bullfrogs
  4 killer bees (D:9)
  Dowan (D:4)
  A scorpion (D:5)
  A water moccasin skeleton (D:5)
  5 wights (D:10)
  6 howler monkeys
  3 electric eels (Lair:3)
  5 crimson imps
  A quasit (D:10)
  3 jellies
  3 hounds
  5 orc priests
  19 orc wizards
  A bullfrog skeleton (D:5)
  3 centaur skeletons
  Jessica (D:3)
  3 iguanas
  11 worker ants
  4 hound skeletons
  2 worker ant zombies
  12 adders
  3 shadow imps
  An ooze (D:2)
  An adder zombie (D:7)
  3 adder skeletons
  3 worms
  6 leopard geckos
  50 orcs
  A ball python (D:3)
  6 bats
  6 giant cockroaches
  9 goblins
  3 hobgoblins
  4 jackals
  7 quokkas
  2 frilled lizards
  25 kobolds
  A leopard gecko skeleton (D:7)
  A leopard gecko zombie (D:7)
  12 rats
  A fungus (Lair:5)
  2 plants
421 creatures vanquished.

Vanquished Creatures (collateral kills)
  A death yak (Lair:6)
  Urug (Lair:3)
  2 spiny frogs (Lair:6)
  A komodo dragon (Lair:6)
5 creatures vanquished.

Vanquished Creatures (others)
  7 fungi
  9 plants
16 creatures vanquished.

Grand Total: 442 creatures vanquished

Notes
Turn   | Place    | Note
-------+----------+-------------------------------------------
     0 | Abyss:1  | Galdon the Barachi Abyssal Knight began the quest for the
                  | Orb.
     0 | Abyss:1  | Reached XP level 1. HP: 18/18 MP: 2/2
    66 | Abyss:1  | Noticed a large abomination
    67 | Abyss:1  | Noticed a quasit
    79 | Abyss:1  | Noticed a rust devil
    99 | D:1      | Escaped the Abyss
   315 | D:1      | Reached * piety under Lugonu
   433 | D:1      | Reached XP level 2. HP: 25/25 MP: 3/3
  1105 | D:2      | Reached XP level 3. HP: 25/31 MP: 4/4
  1180 | D:2      | Reached skill level 3 in Long Blades
  1474 | D:2      | Reached XP level 4. HP: 35/38 MP: 5/5
  2292 | D:3      | Reached ** piety under Lugonu
  2405 | D:3      | Found a burning altar of Makhleb.
  2424 | D:3      | Noticed Jessica
  2535 | D:3      | Killed Jessica
  2535 | D:3      | Reached skill level 1 in Throwing
  2535 | D:3      | Reached XP level 5. HP: 34/43 MP: 6/6
  2644 | D:3      | Found a radiant altar of Vehumet.
  2694 | D:3      | Noticed Sigmund
  2695 | D:3      | Noticed Sigmund
  2695 | D:3      | Sigmund changed into Sigmund the swamp drake
  2698 | D:3      | Noticed Sigmund
  2698 | D:3      | Sigmund the swamp drake changed into Sigmund the big kobold
  2720 | D:3      | Killed Sigmund the big kobold
  2720 | D:3      | Reached skill level 4 in Long Blades
  2858 | D:3      | Reached XP level 6. HP: 47/50 MP: 7/7
  2951 | D:3      | Found a runed gate.
  2951 | D:3      | Found a shadowy altar of Dithmenos.
  2953 | D:3      | Noticed topfpfpflanze's ghost (amateur DEFE)
  2954 | D:3      | Found a runed gate.
  2954 | D:3      | Found a runed gate.
  3607 | D:4      | Got a warped helmet
  3608 | D:4      | Identified the +0 helmet "Vazied" {rCorr Int+2} (You found
                  | it on level 4 of the Dungeon)
  3643 | D:4      | Reached skill level 5 in Fighting
  3742 | D:4      | Reached skill level 5 in Long Blades
  3812 | D:4      | Noticed Duvessa
  3812 | D:4      | Noticed Dowan
  3858 | D:4      | Killed Dowan
  3858 | D:4      | Reached XP level 7. HP: 26/56 MP: 9/9
  4194 | D:4      | Found Zozineryo's Book Emporium.
  4517 | D:5      | Entered Level 5 of the Dungeon
  4536 | D:5      | Found a hazy altar of Hepliaklqana.
  4584 | D:5      | Reached *** piety under Lugonu
  4584 | D:5      | Reached skill level 1 in Stealth
  4636 | D:5      | Reached skill level 6 in Long Blades
  4761 | D:5      | Found a snail-covered altar of Cheibriados.
  4761 | D:5      | Found a bloodstained altar of Trog.
  4916 | D:5      | Found a staircase to the Ecumenical Temple.
  4921 | Temple   | Entered the Ecumenical Temple
  5114 | D:5      | Reached XP level 8. HP: 64/64 MP: 10/10
  5233 | D:5      | Found a deep blue altar of Sif Muna.
  5310 | D:5      | Found a faded altar of an unknown god.
  5312 | D:5      | Found an ancient bone altar of Kikubaaqudgha.
  5314 | D:5      | Found a faded altar of an unknown god.
  5496 | D:5      | Reached skill level 7 in Long Blades
  6069 | D:6      | Found an ornate altar of the Wu Jian Council.
  6768 | D:7      | Reached skill level 8 in Long Blades
  6922 | D:7      | Found Wepreir's Magic Scroll Shop.
  6931 | D:7      | Bought a scroll of identify for 28 gold pieces
  6931 | D:7      | Bought a scroll of identify for 28 gold pieces
  6931 | D:7      | Bought a scroll of identify for 28 gold pieces
  7030 | D:7      | Reached skill level 9 in Long Blades
  7030 | D:7      | Reached XP level 9. HP: 70/71 MP: 12/12
  7193 | D:7      | Reached **** piety under Lugonu
  7479 | D:7      | Found a glowing golden altar of the Shining One.
  7594 | D:7      | Found a glowing silver altar of Zin.
  7595 | D:7      | Noticed an angel
  7734 | D:7      | Got a pitted leather armour
  7736 | D:7      | Identified the +2 leather armour "Hettu" {rF+ Str-2 Dex-4
                  | Slay+5} (You found it on level 7 of the Dungeon)
  7980 | D:7      | Gained mutation: You have a pair of small horns on your
                  | head. [potion of mutation]
  7980 | D:7      | Gained mutation: You have an increased reservoir of magic.
                  | (+10% MP) [potion of mutation]
  8092 | D:8      | Reached skill level 10 in Long Blades
  8793 | D:9      | Noticed a two-headed ogre
  8807 | D:9      | Killed a two-headed ogre
  8807 | D:9      | Reached skill level 11 in Long Blades
  8807 | D:9      | Reached skill level 5 in Armour
  8859 | D:9      | Found a shimmering altar of Xom.
  8947 | D:9      | Got a smoking chain mail
  8948 | D:9      | Identified the cursed +0 chain mail "Iplecigump" {MR++}
                  | (You found it on level 9 of the Dungeon)
  8953 | D:9      | Reached XP level 10. HP: 80/80 MP: 15/15
  9261 | D:9      | Noticed a two-headed ogre
  9278 | D:9      | Killed a two-headed ogre
  9278 | D:9      | Reached skill level 5 in Invocations
  9814 | D:9      | Found a stormy altar of Qazlal.
 10137 | D:9      | Identified a scroll of acquirement
 10146 | D:10     | Entered Level 10 of the Dungeon
 10146 | D:10     | Found a staircase to the Lair.
 10301 | D:10     | Reached skill level 5 in Throwing
 10533 | D:10     | Found a staircase to the Orcish Mines.
 10730 | D:10     | Reached ***** piety under Lugonu
 10770 | D:10     | Noticed Grum
 10807 | D:10     | Reached skill level 12 in Long Blades
 10871 | D:10     | Killed Grum
 11249 | D:10     | Reached XP level 11. HP: 34/89 MP: 15/17
 11846 | Lair:1   | Entered Level 1 of the Lair of Beasts
 11870 | Lair:1   | Found a frozen archway.
 12301 | Lair:1   | Reached skill level 10 in Fighting
 12699 | Lair:1   | Noticed an oklob plant
 12807 | Lair:1   | Reached skill level 13 in Long Blades
 13219 | Lair:1   | Reached XP level 12. HP: 99/99 MP: 17/19
 13220 | Lair:1   | Reached skill level 14 in Long Blades
 13220 | Lair:1   | Gained mutation: You can hop long distances. [Barachi
                  | growth]
 13220 | Lair:1   | Reached XP level 13. HP: 106/106 MP: 17/21
 13543 | Lair:2   | Found a runed door.
 13543 | Lair:2   | Noticed D1HalberdGnoll's ghost (journeyman OgNe)
 13592 | Lair:2   | Found a staircase to the Shoals.
 13635 | Lair:2   | Reached skill level 1 in Shields
 14165 | Lair:3   | Found a staircase to the Snake Pit.
 14392 | Lair:3   | Noticed Urug
 14414 | Lair:3   | Killed Urug
 15947 | Lair:4   | Reached XP level 14. HP: 84/115 MP: 22/22
 16997 | Lair:5   | Learned a level 1 spell: Infusion
 17468 | Lair:6   | Entered Level 6 of the Lair of Beasts
 17671 | Lair:6   | Found a staircase to the Slime Pits.
 17711 | Lair:6   | Reached skill level 10 in Armour
 18343 | Lair:6   | Reached ****** piety under Lugonu
 18510 | Lair:6   | Got an encrusted double sword
 18511 | Lair:6   | Identified the +6 double sword of Causality {slice, rC++
                  | Stlth+} (You found it on level 6 of the Lair of Beasts)
 18749 | Lair:6   | Reached skill level 5 in Dodging
 18756 | Lair:6   | Reached skill level 15 in Long Blades
 20329 | Orc:1    | Entered Level 1 of the Orcish Mines
 20800 | Orc:2    | Entered Level 2 of the Orcish Mines
 20800 | Orc:2    | Found a roughly hewn altar of Beogh.
 20919 | Orc:2    | Noticed Saint Roka
 21386 | Orc:2    | Found Liusan's Antique Armour Emporium.
 21424 | Orc:2    | Bought a faintly humming scale mail for 234 gold pieces
 21426 | Orc:2    | Identified the +5 scale mail "Ulucett" {*Slow rElec rC+
                  | Str+2} (You bought it in a shop on level 2 of the Orcish
                  | Mines)
 21498 | Orc:2    | Found a staircase to the Elven Halls.
 21532 | Orc:2    | HP: 4/116 [Saint Roka/divine providence (15)]
 21534 | Orc:2    | Killed from afar by Saint Roka

Skill      XL: |  1  2  3  4  5  6  7  8  9 10 11 12 13 14 |
---------------+-------------------------------------------+-----
Fighting       | 4 5 6 8 9 10 11 12 | 12.9
Long Blades    | 3 4 5 6 9 11 12 13 14 15 | 15.5
Armour         | 3 4 5 6 7 8 9 10 | 10.8
Invocations    | 2 3 4 6 7 8 9 |  9.8
Throwing       | 1 2 3 4 5 6 7 8 |  8.9
Dodging        | 2 3 4 5 |  5.2
Stealth        | 1 3 4 |  4.1
Evocations     | 2 3 |  3.6
Shields        | 2 3 |  3.8

Action                   |  1- 3 |  4- 6 |  7- 9 | 10-12 | 13-15 || total
-------------------------+-------+-------+-------+-------+-------++-------
Melee: Falchion          |    84 |   227 |   587 |    91 |       ||   989
       Headbutt          |       |       |    24 |    56 |   203 ||   283
       Great sword       |       |       |       |   265 |       ||   265
       Long sword        |       |       |       |       |   514 ||   514
       Double sword      |       |       |       |       |   255 ||   255
 Fire: Blowgun           |       |       |    15 |    32 |    21 ||    68
Throw: Stone             |    42 |   126 |   175 |   193 |   311 ||   847
       Tomahawk          |       |       |     6 |    12 |     2 ||    20
       Javelin           |       |       |       |       |    28 ||    28
Invok: Depart the Abyss  |     1 |       |       |       |       ||     1
       Bend Space        |       |       |       |     2 |     1 ||     3
 Abil: Hop               |       |       |       |       |     1 ||     1
Evoke: Wand              |       |     2 |     3 |     4 |       ||     9
  Use: Potion            |     8 |     2 |     2 |     7 |     5 ||    24
       Scroll            |     2 |     2 |    14 |     9 |     7 ||    34
 Stab: Petrified         |       |       |       |       |     3 ||     3
  Eat: Chunk             |     2 |     6 |    12 |    11 |    16 ||    47
       Ration            |       |     1 |     2 |     1 |     4 ||     8
Armor: Leather armour    |    26 |     1 |       |       |       ||    27
       Chain mail        |       |   127 |    50 |       |   212 ||   389
       Plate armour      |       |       |   272 |   260 |       ||   532
Dodge: Dodged            |    61 |    67 |   137 |   107 |   205 ||   577
Block: Buckler           |       |       |       |       |   100 ||   100
       Rpst.: Falchion   |    17 |    21 |    34 |    16 |       ||    88
       Great sword       |       |       |       |    22 |       ||    22
       Long sword        |       |       |       |       |    34 ||    34
       Double sword      |       |       |       |       |    17 ||    17
